 Dungeon Crawl Stone Soup version 0.28.0-47-ge53b351184 (webtiles) character file.

Game seed: 9825624714056586054

55 101zpm the Magician (level 4, -3/31 HPs)
             Began as a Djinni Ice Elementalist on Apr 26, 2022.
             Slain by a worm (9 damage)
             ... on level 2 of the Dungeon.
             The game lasted 00:02:03 (1638 turns).

101zpm the Magician (Djinni Ice Elementalist)       Turns: 1638, Time: 00:02:03

Health: -3/31      AC:  2    Str:  7    XL:     4   Next: 14%
Gold:   74         EV: 12    Int: 18    God:
                   SH:  0    Dex: 14

rFire   + + .      SeeInvis .   (no weapon)
rCold   x . .      Faith    .   (no shield)
rNeg    . . .      Spirit   .   a - +0 robe
rPois   ∞          Reflect  .   (no helmet)
rElec   .          Harm     .   (no cloak)
rCorr   .          Rampage  .   (no gloves)
Will    .....                   (boots unavailable)
Stlth   ++........              (no amulet)
HPRegen 0.10/turn               (no ring)
MPRegen 0.00/turn               (no ring)

@: freezing walls, flying
A: sickness immunity, fire resistance 2, cold vulnerability 1, float, innate
caster, HP casting, extra vitality 1
a: no special abilities


You were on level 2 of the Dungeon.
You visited 1 branch of the dungeon, and saw 2 of its levels.

You collected 74 gold pieces.

Inventory:

Armour
 a - a +0 robe (worn)
Scrolls
 e - 4 scrolls of identify {unknown}
 f - a scroll of fear {unknown}
Potions
 b - 2 potions of lignification {unknown}
 c - 2 potions of curing {unknown}
 d - a potion of heal wounds {unknown}


   Skills:
 + Level 2.4 Dodging
 + Level 1.6 Stealth
 + Level 4.2 Spellcasting


You couldn't memorise any spells.
You knew the following spells:

 Your Spells              Type           Power      Damage    Failure   Level
a - Freeze                Ice            72%        1d9       2%          1
b - Frozen Ramparts       Ice            36%        1d5       8%          3
c - Ozocubu's Armour      Ice            18%        N/A       8%          3
d - Hailstorm             Conj/Ice       18%        3d6       26%         4
e - Slow                  Hex            72%        N/A       2%          1
Your spell library was empty.

Dungeon Overview and Level Annotations

Branches:
Dungeon (2/15)

Altars:


Innate Abilities, Weirdness & Mutations

You are immune to sickness and miasma.
You are immune to poison.
Your flesh is very heat resistant. (rF++)
You are vulnerable to cold. (rC-)
You float through the air rather than walking.
You learn spells naturally, not from books.
Your magical power is your life essence.
You have superior vitality. (+4 MHP)


Message History

b - 2 fizzy dark potions (gained 1)
A dart slug comes into view.
You freeze the dart slug!
You kill the dart slug!
You see here a dart slug corpse.
A worm comes into view.
A worm is nearby!
You freeze the worm.
The worm is lightly wounded.
The worm closely misses you.
You freeze the worm.
The worm is lightly wounded.
A ball python comes into view.
You miscast Freeze.
You are very lightly contaminated with residual magic.
Nothing appears to happen.
The ball python hisses angrily.
The worm bites you!
You freeze the worm.
The worm is moderately wounded.
The worm barely misses you.
You freeze the worm.
The worm is moderately wounded.
You freeze the worm.
The worm is heavily wounded.
The worm bites you!
* * * LOW HITPOINT WARNING * * *
Casting: Freeze (safe; 2% risk of failure)
Confirm with . or Enter, or press ? or * to list all spells.
The spell is quite dangerous to miscast (8% risk of failure)!
Continue anyway?
Casting: Frozen Ramparts (quite dangerous; 8% risk of failure)
Press: ? - help, Dir - look around, f - activate The walls around you are covered in ice.
* * * LOW HITPOINT WARNING * * *
The wall freezes the ball python.
The ball python seems to slow down.
The wall freezes the worm!
The wall freezes the ball python.
You kill the ball python!
Your magical contamination has completely faded away.
The wall freezes the worm.
The worm bites you!
You die...

................##
......###..#...##
.####.# ##.##..#
.# # #.###.# .#
#.# #†# .#
#.###.## .##
#.##...## ...
#.......# .#
####...@# .#
##.#w# ## #.#.#
#.#†# #.#.# ...
#.#.# ##. #.#.#
#..## #


You could see a worm.

Vanquished Creatures
  An adder (D:2)
  A gnoll (D:1)
  A worm (D:2)
  2 dart slugs
  4 bats (D:1)
  3 endoplasms (D:1)
  3 giant cockroaches
  A goblin (D:1)
  2 hobgoblins (D:1)
  2 kobolds (D:2)
  2 quokkas
  3 ball pythons
  3 rats
28 creatures vanquished.

Vanquished Creatures (others)
  5 demonic plants (D:2)
  3 fungi (D:2)
  3 plants (D:2)
  A withered plant (D:2)
12 creatures vanquished.

Grand Total: 40 creatures vanquished

Notes
Turn   | Place    | Note
-------+----------+-------------------------------------------
     0 | D:1      | 101zpm the Djinni Ice Elementalist began the quest for the
                  | Orb.
     0 | D:1      | Reached XP level 1. HP: 15/15 MP: 0/0
     6 | D:1      | Noticed a water moccasin
     6 | D:1      | Noticed a hound
     6 | D:1      | Noticed a komodo dragon
     6 | D:1      | Noticed a rime drake
   177 | D:1      | Reached XP level 2. HP: 16/21 MP: 0/0
   751 | D:1      | Reached XP level 3. HP: 10/25 MP: 0/0
   751 | D:1      | Learned a level 1 spell: Slow
  1285 | D:2      | Reached skill level 4 in Spellcasting
  1441 | D:2      | Reached XP level 4. HP: 21/31 MP: 0/0
  1638 | D:2      | Slain by a worm

Illustrated notes

Levels and vault maps discovered:
D:1:      onia_arrival_zoo_common, layout_basic, item_on_display_a
D:2:      layout_loops_ring, shapermc_ecumenical_altar_gd

Skill      XL: |  1  2  3 |
---------------+----------+-----
Spellcasting   | 4 |  4.2
Dodging        | |  2.4
Stealth        | |  1.6

Action                   |  1- 3 |  4- 6 || total
-------------------------+-------+-------++-------
Melee: Unarmed           |     4 |       ||     4
 Cast: Freeze            |    42 |     9 ||    51
       Frozen Ramparts   |       |     1 ||     1
Armor: Robe              |    11 |     1 ||    12
Dodge: Dodged            |    30 |     6 ||    36
